 Dungeon Crawl Stone Soup version 0.31-a0-234-gad7ace16ef (webtiles) character file.

Game seed: 15984097027693613260

352 qw the Shooter (level 6, -1/52 HPs)
             Began as a Minotaur Hexslinger on July 9, 2023.
             Was an Initiate of Okawaru.
             Slain by a crimson imp (3 damage)
             ... summoned by Eustachio
             ... on level 4 of the Dungeon.
             The game lasted 00:01:17 (3137 turns).

qw the Shooter (Minotaur Hexslinger)                Turns: 3137, Time: 00:01:17

Health: -1/52      AC:  4    Str: 13      XL:     6   Next: 35%
Magic:  6/6        EV: 12    Int: 12      God:    Okawaru [......]
Gold:   202        SH:  0    Dex: 13 (14) Spells: 6/7 levels left

rFire   . . .        Y - +1 sling (drain)
rCold   + . .        (no shield)
rNeg    . . .        a - +1 robe {Will+}
rPois   .            (helmet restricted)
rElec   .            b - +0 cloak of Loss {rC+ Int+2}
rCorr   .            (no gloves)
SInv    .            (no boots)
Will    +....        g - amulet of the acrobat
Stlth   +            (no ring)
HPRegen 0.28/turn    (no ring)
MPRegen 0.10/turn

%: acrobat
@: no status effects
A: horns 2, retaliatory headbutt
a: Renounce Religion


You were on level 4 of the Dungeon.
You worshipped Okawaru.
Okawaru was noncommittal.
You visited 1 branch of the dungeon, and saw 4 of its levels.

You collected 202 gold pieces.


Innate Abilities, Weirdness & Mutations

You have a pair of horns on your head.
You reflexively headbutt those who attack you in melee.


   Skills:
 - Level 4.0 Fighting
 + Level 6.5 Ranged Weapons
 - Level 2.1 Dodging
 - Level 1.0 Spellcasting
 - Level 2.0 Hexes


You had 6 spell levels left.
You knew the following spells:

 Your Spells              Type           Power      Damage    Failure   Level
a - Slow                  Hex            20%        N/A       13%         1

Your spell library contained the following spells:

 Spells                   Type           Power      Damage    Failure   Level
 Inner Flame              Hex/Fire       3%         N/A       52%         3
 Portal Projectile        Hex/Tloc       6%         N/A       52%         3
 Cause Fear               Hex            2%         N/A       78%         4

Inventory:

Hand Weapons
 Y - a +1 sling of draining (weapon)
Armour
 a - a +1 robe of willpower (worn)
 b - the +0 cloak of Loss (worn) {rC+ Int+2}
   (You acquired it on level 3 of the Dungeon)

   Int:       It affects your intelligence (+2).
   rC:        It protects you from cold.
 f - a +0 ring mail
Jewellery
 g - an amulet of the acrobat (around neck)
Scrolls
 i - a scroll of identify
Potions
 c - a potion of mutation
 d - a potion of enlightenment
 e - a potion of curing
 j - a potion of berserk rage {unknown}

Dungeon Overview and Level Annotations

Branches:
Dungeon (4/15)
 Temple: D:4-7

Altars:
Okawaru
Sif Muna

Annotations:
D:4 Eustachio


Message History

The crimson imp misses you. Eustachio hits you with a +0 rapier.
The quasit misses you. You furiously retaliate!
You headbutt the quasit.
The quasit claws you but does no damage. x2
The iron imp hits you but does no damage.
You shoot a sling bullet.
The sling bullet barely misses Eustachio.
The crimson imp blinks!
The quasit closely misses you. The quasit barely misses you.
The quasit claws you but does no damage.
Eustachio gestures wildly while chanting.
Eustachio blinks!
You shoot a sling bullet.
The sling bullet barely misses the quasit.
The quasit bites you but does no damage.
The quasit claws you but does no damage.
The quasit misses you. The iron imp hits you.
Eustachio casts a spell.
Eustachio blinks!
The quasit bites you but does no damage.
The quasit claws you but does no damage.
The quasit barely misses you.
You shoot a sling bullet. The sling bullet hits the quasit.
The quasit is severely wounded.
The iron imp hits you.
The quasit bites you but does no damage.
The quasit misses you.
The quasit claws you but does no damage.
You shoot a sling bullet.
The sling bullet closely misses the quasit.
The crimson imp closely misses you.
The quasit bites you but does no damage.
The quasit closely misses you. The quasit barely misses you.
Eustachio casts a spell.
Eustachio blinks!
The iron imp hits you.
You shoot a sling bullet.
The sling bullet barely misses the quasit.
The quasit misses you.
The quasit claws you but does no damage.
The quasit barely misses you. The crimson imp hits you.
You die...

.....##...........##..
......
..##.####)[.....#....
.....
##.#..##[.......#.##..
.............#.##ยค.# .
.
........<...##.##..###.#
.....#.....###..#.......
.....#.....##...........
...............55..@....
........%.......@5......
.######..........##.....
.######....#......# ..<
....##...###.....## .
..#.....###..##....
..#.....# #.###....#
...#......#. ......
.).##........ ......
#####....#....


You could see Eustachio (very drained), an iron imp (summoned), a quasit
(summoned) and a crimson imp (summoned).

Vanquished Creatures
  A hound (D:3)
  A jelly (D:3)
  3 orc priests (D:4)
  2 orc wizards (D:3)
  3 gnolls (D:2)
  4 adders
  A worm (D:2)
  3 dart slugs
  11 orcs
  6 endoplasms
  2 giant cockroaches
  5 goblins
  5 hobgoblins
  4 jackals (D:2)
  8 kobolds
  3 quokkas
  3 ball pythons
  7 bats
  A frilled lizard (D:2)
  3 rats
76 creatures vanquished.

Notes
Turn   | Place    | Note
-------+----------+-------------------------------------------
     0 | D:1      | qw the Minotaur Hexslinger began the quest for the Orb.
     0 | D:1      | Reached XP level 1. HP: 16/16 MP: 1/1
     0 | D:1      | 0 ||| qw: Version: 0.3-a-51-g015441d
     0 | D:1      | 0 ||| qw: Game counter: 4089
     0 | D:1      | 0 ||| qw: Melee chars always use a shield: true
     0 | D:1      | 0 ||| qw: God list: Okawaru
     0 | D:1      | 0 ||| qw: Allow faded altars: false
     0 | D:1      | 0 ||| qw: Do Orc after clearing Dungeon:15 true
     0 | D:1      | 0 ||| qw: Do second Lair branch before Depths: true
     0 | D:1      | 0 ||| qw: Lair rune preference: random
     0 | D:1      | 0 ||| qw: Goals: Normal
     0 | D:1      | 0 ||| PLANNING D:1-11
   164 | D:1      | 164 ||| DROPPING scroll of poison.
   182 | D:1      | Reached skill level 3 in Ranged Weapons
   182 | D:1      | Reached XP level 2. HP: 23/23 MP: 2/2
   329 | D:1      | Found a faded altar of an unknown god.
   795 | D:1      | 795 ||| READING scroll labelled WUN NESHROSUMN.
   846 | D:2      | 846 ||| SWAPPING to +1 sling of draining.
   847 | D:2      | 847 ||| DROPPING +1 sling.
   910 | D:2      | Reached XP level 3. HP: 29/29 MP: 3/3
   941 | D:2      | Reached skill level 4 in Ranged Weapons
  1076 | D:2      | Reached XP level 4. HP: 18/36 MP: 4/4
  1079 | D:2      | HP: 5/36 [frozen (5)]
  1630 | D:2      | Reached skill level 5 in Ranged Weapons
  1716 | D:2      | 1716 ||| UPGRADING to +1 robe of willpower.
  1726 | D:2      | 1726 ||| DROPPING +0 robe.
  1727 | D:2      | 1727 ||| UPGRADING to amulet of the acrobat.
  1732 | D:2      | 1732 ||| DRINKING 2 smoky black potions.
  1733 | D:2      | 1733 ||| DRINKING 2 fuming red potions.
  1757 | D:2      | 1757 ||| DROPPING potion of lignification.
  1911 | D:3      | Reached skill level 3 in Fighting
  1911 | D:3      | Reached XP level 5. HP: 45/45 MP: 5/5
  1944 | D:3      | 1944 ||| FLEEEEING.
  1952 | D:3      | 1952 ||| FLEEEEING.
  1953 | D:3      | 1953 ||| FLEEEEING.
  1954 | D:3      | 1954 ||| FLEEEEING.
  1955 | D:3      | 1955 ||| FLEEEEING.
  1956 | D:3      | 1956 ||| FLEEEEING.
  1957 | D:3      | 1957 ||| FLEEEEING.
  1986 | D:3      | 1986 ||| FLEEEEING.
  1987 | D:3      | 1987 ||| FLEEEEING.
  1988 | D:3      | 1988 ||| FLEEEEING.
  1989 | D:3      | 1989 ||| FLEEEEING.
  1990 | D:3      | 1990 ||| FLEEEEING.
  1991 | D:3      | 1991 ||| FLEEEEING.
  2017 | D:3      | Reached skill level 6 in Ranged Weapons
  2662 | D:3      | Found an iron altar of Okawaru.
  2663 | D:3      | 2663 ||| PLANNING OKAWARU WORSHIP
  2663 | D:3      | 2663 ||| DROPPING amulet of guardian spirit.
  2664 | D:3      | 2664 ||| READING scroll labelled LIEW HOYXZO.
  2664 | D:3      | Identified a scroll of acquirement
  2664 | D:3      | 2664 ||| ACQUIRING +0 cloak of Loss {rC+ Int+2}
  2664 | D:3      | Acquired the +0 cloak of Loss {rC+ Int+2}
  2665 | D:3      | 2665 ||| READING 2 scrolls of identify.
  2665 | D:3      | 2665 ||| IDENTIFYING fuming puce potion
  2668 | D:3      | Became a worshipper of Warmaster Okawaru
  2669 | D:3      | 2669 ||| PLANNING D:1-11
  2680 | D:3      | Found a shimmering blue altar of Sif Muna.
  2727 | D:3      | 2727 ||| UPGRADING to +0 cloak of Loss {rC+ Int+2}.
  2825 | D:4      | Reached XP level 6. HP: 38/52 MP: 6/6
  3055 | D:4      | 3055 ||| FLEEEEING.
  3057 | D:4      | 3057 ||| FLEEEEING.
  3058 | D:4      | 3058 ||| FLEEEEING.
  3059 | D:4      | 3059 ||| FLEEEEING.
  3060 | D:4      | 3060 ||| FLEEEEING.
  3061 | D:4      | 3061 ||| FLEEEEING.
  3076 | D:4      | 3076 ||| FLEEEEING.
  3077 | D:4      | 3077 ||| FLEEEEING.
  3078 | D:4      | 3078 ||| FLEEEEING.
  3079 | D:4      | 3079 ||| STAIRDANCE
  3103 | D:3      | 3103 ||| READING 2 scrolls of identify.
  3103 | D:3      | 3103 ||| IDENTIFYING white potion
  3113 | D:4      | Noticed Eustachio
  3131 | D:4      | HP: 11/52 [iron imp[Eustachio] (4)]
  3135 | D:4      | HP: 5/52 [iron imp[Eustachio] (2)]
  3136 | D:4      | HP: 2/52 [iron imp[Eustachio] (3)]
  3137 | D:4      | Slain by a crimson imp

Levels and vault maps discovered:
D:1:      elethiomel_arrival_infinity_welcomes_careful_drivers, layout_basic,
          basic_ecumenical_altar, dreamdust_mushroom_princess,
          hangedman_glass_teeth, chequers_big_river,
          chequers_serial_rivers_small_a
D:2:      layout_basic, st_stairs_10, minmay_tromino_v4_b
D:3:      layout_loops_ring, mainiacjoe_overflow_swirl
D:4:      layout_cave_pools, hangedman_ru_absence, serial_shops,
          nicolae_shop_competitors_out_of_business, uniq_eustachio,
          uniq_blork_the_orc

Skill      XL: |  1  2  3  4  5 |
---------------+----------------+-----
Ranged Weapons | 3 4 5 6 |  6.5
Fighting       | 2 3 4 |  4.0
Dodging        | |  2.1
Spellcasting   | |  1.0
Hexes          | |  2.0

Action                     |  1- 3 |  4- 6 || total
---------------------------+-------+-------++-------
   Fire: Sling             |    76 |   185 ||   261
    Use: Scroll            |     1 |     3 ||     4
         Potion            |       |     2 ||     2
 Armour: Robe              |     3 |    46 ||    49
  Dodge: Dodged            |    15 |    81 ||    96

Table legend:
 A = Non-vault XP
 B = Vault XP
 C = Vault XP percentage of total XP
 D = Non-vault monster count
 E = Vault monster count
 F = Vault count percentage of total count
                 A         B        C        D         E       F
            +---------+---------+-------+---------+---------+-------
      Total |     494 |      10 |   2.0 |      72 |       4 |   5.3
            +---------+---------+-------+---------+---------+-------
        D:1 |      26 |       0 |   0.0 |      13 |       0 |   0.0
        D:2 |     111 |      10 |   8.3 |      23 |       4 |  14.8
        D:3 |     197 |       0 |   0.0 |      21 |       0 |   0.0
        D:4 |     160 |       0 |   0.0 |      15 |       0 |   0.0
            +---------+---------+-------+---------+---------+-------
